AoeStats
← Addeos

Pilgrims

510022872Analyzed
2v2 RM · 1d ago on Sep 29, 2026· 47m 15s· 4 players
Game mode
Random Map
Map size
Medium (4 player)
Population
200
Speed
Normal
Resources
Standard
Victory
Conquest
Starting age
Dark Age
Ending age
Imperial Age
RankedLock teamsTeams togetherTeam positionsShared explorationLock speedFull tech treeHidden civsTurbo modeCheats
Victory
Defeat
🇺🇸 Byzantines · United States
900
+18
🇺🇸 Vikings · United States
891
+18
🇲🇽 Italians · Mexico
939
-18
🇨🇴 Berbers · Colombia
939
-18
Slyfe
8:06 Loom
10:29 Feudal Age
11:15 Double-Bit Axe
17:38 Castle Age
18:32 Medium Warships
20:56 Wheelbarrow
20:51 Bow Saw
23:01 Horse Collar
23:30 Fishing Lines
24:40 Fletching
25:43 Stone Mining
26:32 Hand Cart
26:19 Elite Skirmisher
28:12 Ballistics
30:12 Heavy Plow
31:35 Thumb Ring
34:03 Treadmill Crane
35:39 Bodkin Arrow
40:35 Imperial Age
38:25 Pikeman
39:30 Padded Archer Armor
42:29 Chemistry
42:38 Two-Man Saw
44:32 Redemption
44:41 Logistica
45:28 Conscription
notdavid
14:10 Feudal Age
14:46 Double-Bit Axe
15:46 Horse Collar
22:35 Castle Age
21:27 Forging
23:11 Scale Mail Armor
23:23 Heavy Plow
23:34 Bow Saw
23:28 Loom
26:20 Iron Casting
25:50 Scale Barding Armor
26:03 Chain Mail Armor
27:28 Squires
27:38 Arson
30:13 Fletching
40:16 Imperial Age
39:38 Chieftains
40:25 Gold Mining
40:31 Stone Mining
40:51 Bodkin Arrow
41:39 Plate Mail Armor
41:16 Elite Varangian Guard
44:08 Two-Man Saw
46:57 Elite Skirmisher
Slidhane
15:12 Feudal Age
15:39 Fishing Lines
16:44 Wheelbarrow
15:57 Double-Bit Axe
18:39 Loom
19:02 Gold Mining
22:41 Castle Age
21:16 Stone Mining
23:41 Gillnets
24:37 Medium Warships
27:31 Hand Cart
27:29 Crossbowman
29:50 Bow Saw
30:46 Ballistics
33:49 Thumb Ring
34:12 Fletching
35:51 Bodkin Arrow
42:08 Imperial Age
41:09 Clinker Construction
41:47 Town Watch
43:09 Silk Road
42:12 Arbalester
46:27 Padded Archer Armor
Addeos
10:22 Feudal Age
11:29 Double-Bit Axe
12:46 Wheelbarrow
15:21 Fishing Lines
17:55 Loom
20:12 Castle Age
21:39 Bow Saw
21:43 Fletching
26:17 Stone Mining
26:28 Bodkin Arrow
29:27 Padded Archer Armor
30:16 Hand Cart
30:38 Kasbah
34:30 Thumb Ring
Connection lost

Rejoining the realm…

Still unreachable

The connection could not be restored.

Session expired

The server has moved on; the page needs a fresh start.